 Dungeon Crawl Stone Soup version 0.23-a0-61-g4bf3f6c (webtiles) character file.

478 JeffiDaFish the Sneak (level 6, -3/28 HPs)
             Began as a Spriggan Enchanter on Aug 9, 2018.
             Slain by an orc
             ... wielding a +0 club
              (4 damage)
             ... on level 4 of the Dungeon.
             The game lasted 00:17:32 (5817 turns).

JeffiDaFish the Sneak (Spriggan Enchanter)          Turns: 5817, Time: 00:17:33

Health: -3/28      AC:  3    Str:  2 (4)  XL:     6   Next: 85%
Magic:  14/14      EV: 18    Int: 18 (21) God:
Gold:   138        SH:  0    Dex: 13 (16) Spells: 6/15 levels left

rFire    . . .     SeeInvis +   a - +1 dagger
rCold    . . .     Gourm    .   (shield restricted)
rNeg     . . .     Faith    .   b - +1 robe
rPois    .         Spirit   .   (helmet restricted)
rElec    .         Reflect  .   (no cloak)
rCorr    .         Harm     .   (gloves unavailable)
MR       +....                  (boots unavailable)
Stlth    +++.......             e - amulet of regeneration
HPRegen  0.49/turn              d - ring of see invisible (curse)
MPRegen  0.14/turn              (no ring)

@: fainting, very quick
A: very small, unfitting armour, antennae 2, see invisible, clever 1, herbivore,
speed 3, slow metabolism 2
a: no special abilities


You were on level 4 of the Dungeon.
You were fainting.

You visited 1 branch of the dungeon, and saw 4 of its levels.

You collected 138 gold pieces.

Inventory:

Hand Weapons
 a - a +1 dagger (weapon)
Armour
 b - a +1 robe (worn)
 c - a +0 robe of magic resistance
Jewellery
 d - a cursed ring of see invisible (left hand)
 e - an amulet of regeneration (around neck)
Scrolls
 f - a scroll of remove curse
 h - a scroll of magic mapping


   Skills:
 + Level 2.8 Short Blades
 - Level 3.0 Dodging
 * Level 7.3 Stealth
 * Level 5.0 Spellcasting
 * Level 5.6 Hexes
 + Level 1.5 Ice Magic


You had 6 spell levels left.
You knew the following spells:

 Your Spells              Type           Power        Failure   Level  Hunger
a - Corona                Hex            ###....      1%          1    None
b - Ensorcelled Hibernat  Hex/Ice        ###...       4%          2    #......
c - Dazzling Spray        Conj/Hex       ##....       13%         3    ##.....
d - Confuse               Hex            ###.....     4%          3    ##.....

Your spell library contained the following spells:

 Spells                   Type           Power        Failure   Level  Hunger
 Tukima's Dance           Hex            ###.....     4%          3    ##.....


Dungeon Overview and Level Annotations

Branches:
Dungeon (4/15)
 Temple: D:4-7

Altars:
Dithmenos
Hepliaklqana
Ru
Trog
The Shining One

Annotations:
D:3 Natasha


Innate Abilities, Weirdness & Mutations

You are very small and have problems with some larger weapons.
You are too small for most types of armour.
You have supernaturally acute eyesight. (SInv)
You are a herbivore.
You cover ground extremely quickly.
You need to consume almost no food.
You have a pair of antennae on your head.
Your mind is acute. (Int +2)


Message History

The orc priest invokes the aid of Beogh against you.
Beogh smites you!
You closely miss the orc priest.
The orc priest is lightly wounded.
The orc wizard hits you with a dagger. The orc misses you.
The orc priest completely misses you.
You hit the orc priest but do no damage.
The orc priest is lightly wounded.
The orc wizard casts a spell.
The orc wizard blinks!
You closely miss the orc priest.
The orc priest is lightly wounded.
The orc misses you.
The orc priest invokes the aid of Beogh against you.
Beogh smites you!
* * * LOW HITPOINT WARNING * * *
You closely miss the orc priest.
The orc priest is lightly wounded.
The orc closely misses you. The orc hits you with a club.
You die...

#####
######...####.
#............>
#.####o..####.
#.#.o@........
#.##o#######..
#.##. #.##.
########.##.
#........##o
#.#########.
#.# .. #.#


You could see an orc priest, an orc wizard and 2 orcs.

Vanquished Creatures
  Grinder (D:3)
  3 orc wizards (D:3)
  Terence (D:2)
  Natasha (D:3)
  6 adders
  An ooze (D:1)
  A worm (D:2)
  2 dart slugs
  3 leopard geckos
  8 orcs (D:3)
  2 ball pythons
  4 giant cockroaches
  4 goblins (D:1)
  12 hobgoblins
  2 jackals (D:3)
  6 bats
  8 kobolds
  10 rats
75 creatures vanquished.

Notes
Turn   | Place    | Note
-------+----------+-------------------------------------------
     0 | D:1      | JeffiDaFish the Spriggan Enchanter began the quest for the Orb.
     0 | D:1      | Reached XP level 1. HP: 9/9 MP: 5/5
   757 | D:1      | Reached XP level 2. HP: 8/13 MP: 4/6
   764 | D:1      | Learned a level 2 spell: Ensorcelled Hibernation
  1110 | D:1      | Reached skill level 5 in Stealth
  1606 | D:1      | Reached XP level 3. HP: 16/16 MP: 3/8
  1781 | D:2      | Noticed Terence
  2952 | D:2      | Killed Terence
  2952 | D:2      | Reached XP level 4. HP: 13/21 MP: 5/10
  3693 | D:2      | Reached skill level 6 in Stealth
  4146 | D:3      | Reached XP level 5. HP: 24/24 MP: 3/12
  4160 | D:3      | Learned a level 3 spell: Dazzling Spray
  4537 | D:3      | Reached skill level 1 in Ice Magic
  4865 | D:3      | Learned a level 3 spell: Confuse
  4931 | D:3      | Found a bloodstained altar of Trog.
  4977 | D:3      | Noticed Grinder
  5004 | D:3      | Found a faded altar of an unknown god.
  5106 | D:3      | Killed Grinder
  5106 | D:3      | Reached skill level 7 in Stealth
  5106 | D:3      | Reached skill level 5 in Hexes
  5106 | D:3      | Reached XP level 6. HP: 19/28 MP: 0/14
  5315 | D:3      | Noticed Natasha
  5320 | D:3      | Killed Natasha
  5320 | D:3      | Reached skill level 5 in Spellcasting
  5387 | D:3      | Noticed Natasha
  5533 | D:2      | Paralysed by fainting for 8 turns
  5573 | D:3      | Paralysed by fainting for 11 turns
  5589 | D:3      | Paralysed by fainting for 9 turns
  5631 | D:3      | Paralysed by fainting for 7 turns
  5672 | D:4      | Paralysed by fainting for 7 turns
  5696 | D:4      | Paralysed by fainting for 12 turns
  5710 | D:4      | Paralysed by fainting for 7 turns
  5720 | D:4      | Found a hazy altar of Hepliaklqana.
  5729 | D:4      | Paralysed by fainting for 5 turns
  5742 | D:4      | Found a shadowy altar of Dithmenos.
  5745 | D:4      | Found a glowing golden altar of the Shining One.
  5749 | D:4      | Found a sacrificial altar of Ru.
  5754 | D:4      | Gained mutation: You have a pair of small antennae on your head. [potion of mutation]
  5754 | D:4      | Gained mutation: Your mind is acute. (Int +2) [potion of mutation]
  5754 | D:4      | Gained mutation: You have a pair of antennae on your head. [potion of mutation]
  5816 | D:4      | HP: 1/28 [orc priest/divine providence (12)]
  5817 | D:4      | Slain by an orc

Vault maps used:
D:1:      ebering_trefoil_twist
D:2:      kennysheep_doodads, uniq_terence
D:3:      chequers_ecumenical_altar_simple, grunt_decor_one_mirror, bloody_trog,
          uniq_grinder, uniq_natasha
D:4:      grunt_temple_overflow_order_and_chaos_2,
          grunt_temple_overflow_cloverleaf, first_ration

Skill      XL: |  1  2  3  4  5  6 |
---------------+-------------------+-----
Spellcasting   | 3 4 5 |  5.0
Stealth        | 5 6 7 |  7.3
Hexes          | 4 5 |  5.6
Short Blades   | 2 |  2.8
Ice Magic      | 1 |  1.5
Dodging        | |  3.0

Action                   |  1- 3 |  4- 6 || total
-------------------------+-------+-------++-------
Melee: Dagger            |   114 |   188 ||   302
 Cast: Corona            |    15 |     5 ||    20
       Ensorcelled Hiber |    30 |    46 ||    76
       Dazzling Spray    |       |     4 ||     4
  Use: Scroll            |     3 |     3 ||     6
       Potion            |     2 |     5 ||     7
 Stab: Sleeping          |    17 |    33 ||    50
       Invisible         |       |     1 ||     1
  Eat: Ration            |       |     2 ||     2
Armor: Robe              |    11 |    25 ||    36
Dodge: Dodged            |    98 |   177 ||   275

Table legend:
 A = Non-vault XP
 B = Vault XP
 C = Vault XP percentage of total XP
 D = Non-vault monster count
 E = Vault monster count
 F = Vault count percentage of total count
 G = Total turns spent on level
                 A         B        C        D         E       F
            +---------+---------+-------+---------+---------+-------
      Total |     328 |     355 |  52.0 |      72 |       3 |   4.0
            +---------+---------+-------+---------+---------+-------
        D:1 |      48 |       0 |   0.0 |      25 |       0 |   0.0
        D:2 |      89 |      38 |  29.9 |      21 |       1 |   4.5
        D:3 |     191 |     317 |  62.4 |      26 |       2 |   7.1
            +---------+---------+-------+---------+---------+-------
